 Dungeon Crawl Stone Soup version 0.23.0 (webtiles) character file.

Game seed: 9873703662893149903

8898 Folque the Geomancer (level 11, -4/82 HPs)
             Began as a Grey Draconian Earth Elementalist on Feb 9, 2019.
             Was a High Priest of Sif Muna.
             Slain by a seven-headed hydra (7 damage)
             ... on level 1 of the Lair of Beasts.
             The game lasted 00:57:29 (14656 turns).

Folque the Geomancer (DrEE)                        Turns: 14656, Time: 00:57:31

Health: -4/82      AC: 13    Str: 11    XL:     11   Next: 15%
Magic:  2/21       EV: 14    Int: 19    God:    Sif Muna [*****.]
Gold:   502        SH:  0    Dex: 11    Spells: 4/24 levels left

rFire    . . .     SeeInvis .   m - +0 rapier
rCold    . . .     Gourm    .   (no shield)
rNeg     . . .     Faith    .   (armour unavailable)
rPois    .         Spirit   .   (helmet restricted)
rElec    .         Reflect  .   (no cloak)
rCorr    .         Harm     .   F - +0 pair of gloves
MR       .....                  (no boots)
Stlth    +++.......             (no amulet)
HPRegen  0.23/turn              (no ring)
MPRegen  0.17/turn              (no ring)

@: divine energy
A: walk through water, unfitting armour, unbreathing, cold-blooded, AC +12
a: Stop Divine Energy, Channel Magic, Forget Spell, Renounce Religion


You were on level 1 of the Lair of Beasts.
You worshipped Sif Muna.
Sif Muna was extremely pleased with you.
You were hungry.

You visited 3 branches of the dungeon, and saw 12 of its levels.

You collected 502 gold pieces.

Inventory:

Hand Weapons
 i - a +0 short sword
 m - a +0 rapier (weapon)
 I - the +3 war axe "Evveon" {flame, rF+}
   (You found it on level 9 of the Dungeon)

   It has been specially enchanted to burn those struck by it, causing extra
   injury to most foes and up to half again as much damage against particularly
   susceptible opponents.
   Big, fiery blades are also staple armaments of hydra-hunters.
   It protects you from fire.
Missiles
 b - 129 stones (quivered)
 J - 2 throwing nets
Armour
 F - a +0 pair of gloves (worn)
Jewellery
 a - a cursed ring of attention
 A - a cursed ring of teleportation {unknown}
 E - a cursed amulet of inaccuracy {unknown}
 L - an uncursed ring of wizardry {unknown}
Wands
 g - a wand of clouds (12)
 n - a wand of paralysis (17)
 H - a wand of acid (11)
 M - a wand of flame (1)
 O - a wand of random effects (8)
 P - a wand of digging (5)
Scrolls
 d - 3 scrolls of fog
 f - a scroll of teleportation
 h - 4 scrolls of identify
 k - a scroll of noise
 l - 2 scrolls of fear
 o - 2 scrolls of random uselessness {unknown}
 t - a scroll of magic mapping
 u - a scroll of remove curse
 x - a scroll of amnesia {unknown}
 y - 3 scrolls of enchant armour {unknown}
 D - 2 scrolls of vulnerability {unknown}
 K - 2 scrolls of torment {unknown}
 T - a scroll of immolation {unknown}
Potions
 e - 2 potions of heal wounds
 j - 2 potions of magic
 p - a potion of flight
 q - 3 potions of might {unknown}
 r - a potion of agility {unknown}
 s - 2 potions of berserk rage {unknown}
 v - a potion of invisibility {unknown}
 w - a potion of degeneration {unknown}
 z - a potion of ambrosia {unknown}
 B - a potion of resistance
 C - a potion of brilliance
 G - 3 potions of curing {unknown}
 N - a potion of cancellation {unknown}
 Q - a potion of mutation {unknown}
Miscellaneous
 S - a phial of floods
Comestibles
 c - 16 rations
 R - 4 chunks of flesh


   Skills:
 - Level 3.0 Fighting
 - Level 3.1 Short Blades
 + Level 5.2 Dodging
 - Level 5.1 Stealth
 * Level 7.0 Spellcasting
 - Level 5.2 Conjurations
 - Level 2.2 Transmutations
 - Level 6.0 Fire Magic
 * Level 11.3 Earth Magic
 - Level 5.0 Invocations


You had 4 spell levels left.
You knew the following spells:

 Your Spells              Type           Power        Failure   Level  Hunger
a - Sandblast             Erth           #####.       1%          1    None
b - Passwall              Tmut/Erth      ####....     1%          2    None
c - Stone Arrow           Conj/Erth      #####.       1%          3    #......
d - Lee's Rapid Deconstr  Erth           #####.....   2%          5    #####..
e - Petrify               Tmut/Erth      ####....     6%          4    ###....
f - Bolt of Magma         Conj/Fire/Erth #####.....   13%         5    #####..

Your spell library contained the following spells:

 Spells                   Type           Power        Failure   Level  Hunger
 Throw Frost              Conj/Ice       ###...       5%          2    None
 Corona                   Hex            #......      10%         1    None
 Freeze                   Ice            #...         10%         1    None
 Dazzling Spray           Conj/Hex       ###...       11%         3    #......
 Ensorcelled Hibernation  Hex/Ice        #.....       16%         2    None
 Poisonous Vapours        Pois/Air       #.....       16%         2    None
 Spider Form              Tmut/Pois      ##........   19%         3    #......
 Confuse                  Hex            #.......     30%         3    #......
 Ozocubu's Armour         Chrm/Ice       #.......     30%         3    #......
 Recall                   Summ/Tloc      N/A          30%         3    #......
 Tukima's Dance           Hex            #.......     30%         3    #......
 Force Lance              Conj/Tloc      ###.....     34%         4    ###....
 Throw Icicle             Conj/Ice       ###.....     34%         4    ###....
 Passage of Golubria      Tloc           N/A          69%         4    ###....
 Summon Ice Beast         Ice/Summ       #.......     69%         4    ###....
 Iron Shot                Conj/Erth      #####.....   45%         6    ######.
 Iskenderun's Battlesphe  Conj/Chrm      ###.....     67%         5    #####..
 Venom Bolt               Conj/Pois      ###.......   67%         5    #####..
 Orb of Destruction       Conj           ####......   100%        7    #######
 Spellforged Servitor     Conj/Summ      ###.......   100%        7    #######


Dungeon Overview and Level Annotations

Branches:
Dungeon (10/15)            Temple (1/1) D:4            Lair (1/6) D:10
    Orc (0/2) D:10

Altars:
Ashenzari
Cheibriados
Dithmenos
Elyvilon
Fedhas
Gozag
Hepliaklqana
Kikubaaqudgha
Makhleb
Nemelex Xobeh
Okawaru
Qazlal
Ru
Sif Muna
Trog
Uskayaw
Vehumet
Wu Jian
Xom
Yredelemnul
Zin
The Shining One

Shops:
D:5 (   D:6 [

Annotations:
D:6 2 transporters, Monsterracer's ghost, novice MiBe
Lair:1 Gastronok


Innate Abilities, Weirdness & Mutations

You can walk through water.
Your dull iron-grey scales are very hard. (AC +12)
You cannot fit into any form of body armour.
You can survive without breathing.
You are cold-blooded and may be slowed by cold attacks.


Message History

The seven-headed hydra bites you but does no damage.
The seven-headed hydra bites you.
The seven-headed hydra bites you but does no damage.
The seven-headed hydra closely misses you.
The seven-headed hydra bites you but does no damage. x2
The seven-headed hydra bites you!
The seven-headed hydra barely misses you.
The seven-headed hydra misses you. The seven-headed hydra bites you!
The seven-headed hydra bites you.
The seven-headed hydra bites you but does no damage.
The seven-headed hydra bites you! x2
There is a staircase back to the Dungeon here.
The seven-headed hydra barely misses you.
The seven-headed hydra bites you! The seven-headed hydra misses you.
The seven-headed hydra bites you!
* * * LOW HITPOINT WARNING * * *
The seven-headed hydra bites you!
* * * LOW HITPOINT WARNING * * *
The seven-headed hydra bites you!
You die...

#.#......#......#....≈..
#.+.............#....≈..
#.#.............#....≈..
#.#....≈............#≈#.
#.#....≈≈.......#.### #.
#..#.P#≈.#..........# #.
##..........≈≈≈......###.
#P............≈≈≈........
##......@D......≈≈.......
#..........≈≈....≈≈......
##........≈≈..≈≈≈.≈######
#..##...≈≈≈≈.≈##≈######.
#..........#.≈##.......>
#..#.......#...#......P#
#..........#...........#
#........... .........##
....... #


You could see a seven-headed hydra.

Vanquished Creatures
  2 two-headed ogres
  An unseen horror (D:10)
  A komodo dragon (Lair:1)
  A troll (D:9)
  6 hippogriffs
  2 hungry ghosts
  A two-headed ogre zombie (D:10)
  2 orc warriors
  A sky beast (D:10)
  2 black bears
  A phantom (D:10)
  5 ogres
  8 centaurs
  4 bullfrogs
  2 scorpions
  2 troll zombies (D:10)
  13 killer bees
  2 howler monkeys
  7 wights
  A centaur zombie (D:5)
  4 crimson imps
  A bullfrog zombie (D:7)
  2 quasits
  10 orc priests
  4 bullfrog skeletons
  2 hounds
  19 orc wizards
  3 centaur skeletons
  2 iguanas
  8 worker ants
  5 ogre zombies (D:10)
  A killer bee zombie (D:7)
  2 hound zombies (D:6)
  A hound skeleton (D:6)
  10 gnolls
  A howler monkey skeleton (D:8)
  11 adders
  3 shadow imps
  An ooze (D:2)
  2 adder zombies
  10 worms
  A dart slug (D:2)
  10 leopard geckos
  52 orcs
  9 bats
  7 giant cockroaches
  14 goblins
  11 hobgoblins
  7 jackals
  8 kobolds
  7 quokkas
  3 ball pythons
  7 frilled lizards
  2 goblin skeletons (D:10)
  2 goblin zombies (D:10)
  A hobgoblin skeleton (D:10)
  3 hobgoblin zombies (D:10)
  A jackal skeleton (D:5)
  A leopard gecko skeleton (D:7)
  A leopard gecko zombie (D:5)
  5 orc skeletons (D:10)
  11 orc zombies (D:10)
  14 rats
  A spectral orc (D:7)
  4 plants (D:3)
348 creatures vanquished.

Vanquished Creatures (others)
  A plant (Lair:1)
1 creature vanquished.

Grand Total: 349 creatures vanquished

Notes
Turn   | Place    | Note
-------+----------+-------------------------------------------
     0 | D:1      | Folque the Draconian Earth Elementalist began the quest for
                  | the Orb.
     0 | D:1      | Reached XP level 1. HP: 14/14 MP: 3/3
   366 | D:1      | Reached skill level 1 in Fighting
   408 | D:1      | Reached XP level 2. HP: 21/23 MP: 5/5
   833 | D:1      | Reached XP level 3. HP: 11/29 MP: 2/6
  1539 | D:2      | Noticed a +0 dagger
  1645 | D:2      | Learned a level 2 spell: Passwall
  1649 | D:2      | Learned a level 3 spell: Stone Arrow
  1679 | D:2      | Noticed a +0 dagger
  1813 | D:2      | Reached XP level 4. HP: 36/36 MP: 8/8
  2037 | D:2      | Found a hide-covered altar of Uskayaw.
  2262 | D:2      | Reached skill level 4 in Earth Magic
  2372 | D:2      | Found a white marble altar of Elyvilon.
  2766 | D:3      | Found an ornate altar of the Wu Jian Council.
  3149 | D:3      | Found a shimmering altar of Xom.
  3165 | D:3      | Reached XP level 5. HP: 34/41 MP: 10/10
  3224 | D:3      | Learned a level 5 spell: Lee's Rapid Deconstruction
  3298 | D:3      | Found a stormy altar of Qazlal.
  3298 | D:3      | Found a blossoming altar of Fedhas.
  3408 | D:3      | Found a deep blue altar of Sif Muna.
  3420 | D:3      | Became a worshipper of Sif Muna the Loreminder
  3525 | D:3      | Reached skill level 1 in Conjurations
  4047 | D:2      | HP: 2/41 [something (4)]
  4048 | D:2      | Reached XP level 6. HP: 3/48 MP: 1/12
  5007 | D:4      | Found a staircase to the Ecumenical Temple.
  5022 | Temple   | Entered the Ecumenical Temple
  5240 | D:4      | Reached skill level 5 in Earth Magic
  5443 | D:4      | Your scales start taking on a dull iron-grey colour.
  5443 | D:4      | Reached skill level 6 in Earth Magic
  5443 | D:4      | Reached XP level 7. HP: 54/55 MP: 14/14
  5443 | D:4      | Gained mutation: You can survive without breathing. [Grey
                  | Draconian growth]
  5483 | D:4      | Reached * piety under Sif Muna
  5892 | D:5      | Entered Level 5 of the Dungeon
  5941 | D:5      | Reached skill level 5 in Spellcasting
  6068 | D:5      | Found Tystrya's Antique Weapon Shoppe.
  6072 | D:5      | Reached skill level 7 in Earth Magic
  6085 | D:5      | Learned a level 4 spell: Petrify
  6383 | D:5      | Reached skill level 1 in Short Blades
  6485 | D:5      | Reached XP level 8. HP: 28/61 MP: 1/15
  6951 | D:5      | Reached skill level 8 in Earth Magic
  7342 | D:6      | Noticed Monsterracer's ghost (novice MiBe)
  7355 | D:6      | Found a transporter.
  7359 | D:6      | Found a transporter.
  7431 | D:6      | Noticed a queen bee
  7482 | D:6      | Reached ** piety under Sif Muna
  7840 | D:6      | Found a shadowy altar of Dithmenos.
  7966 | D:6      | Found Otteecsi's Antique Armour Shop.
  8068 | D:6      | Reached skill level 9 in Earth Magic
  8356 | D:6      | Found a shadowy altar of Dithmenos.
  8356 | D:6      | Found a shimmering altar of Xom.
  8632 | D:7      | Reached skill level 1 in Invocations
  8717 | D:7      | Found a glowing silver altar of Zin.
  8825 | D:7      | Reached XP level 9. HP: 56/67 MP: 1/18
  8832 | D:7      | Learned a level 5 spell: Bolt of Magma
  9010 | D:7      | Reached skill level 1 in Fire Magic
  9127 | D:7      | Reached *** piety under Sif Muna
  9311 | D:7      | Found a glowing golden altar of the Shining One.
  9705 | D:7      | Reached skill level 10 in Earth Magic
  9735 | D:7      | Found a basalt altar of Yredelemnul.
 10404 | D:8      | Reached **** piety under Sif Muna
 10404 | D:8      | Reached skill level 5 in Invocations
 10493 | D:8      | Noticed a two-headed ogre
 10522 | D:8      | Killed a two-headed ogre
 10522 | D:8      | Reached skill level 5 in Fire Magic
 10522 | D:8      | Reached XP level 10. HP: 62/73 MP: 3/19
 11451 | D:9      | Found a burning altar of Makhleb.
 11451 | D:9      | Found a radiant altar of Vehumet.
 12173 | D:9      | Got a faintly glowing war axe
 12178 | D:9      | Identified the +3 war axe "Evveon" {flame, rF+} (You found
                  | it on level 9 of the Dungeon)
 12196 | D:9      | Reached skill level 5 in Stealth
 12306 | D:9      | Reached skill level 11 in Earth Magic
 12543 | D:10     | Entered Level 10 of the Dungeon
 12932 | D:10     | Reached skill level 5 in Conjurations
 13127 | D:10     | Reached ***** piety under Sif Muna
 13186 | D:10     | Identified Duacauw's Almanac of Noxious Translocation (Sif
                  | Muna gifted it to you on level 10 of the Dungeon)
 13186 | D:10     | Received a gift from Sif Muna
 13332 | D:10     | Found a staircase to the Orcish Mines.
 13710 | D:10     | Found a staircase to the Lair.
 13882 | D:10     | Killed an unseen horror
 13882 | D:10     | Reached XP level 11. HP: 24/82 MP: 0/21
 14173 | D:10     | Noticed a two-headed ogre
 14185 | D:10     | Killed a two-headed ogre
 14185 | D:10     | Reached skill level 5 in Dodging
 14413 | Lair:1   | Entered Level 1 of the Lair of Beasts
 14619 | Lair:1   | Noticed a seven-headed hydra
 14628 | Lair:1   | Noticed Gastronok
 14656 | Lair:1   | HP: 3/82 [seven-headed hydra (11)]
 14656 | Lair:1   | Slain by a seven-headed hydra

Skill      XL: |  1  2  3  4  5  6  7  8  9 10 11 |
---------------+----------------------------------+-----
Fighting       | 1 2 3 |  3.0
Spellcasting   | 3 4 5 6 7 |  7.0
Earth Magic    | 4 6 7 9 10 11 | 11.3
Conjurations   | 1 2 5 |  5.2
Dodging        | 2 3 4 5 |  5.2
Short Blades   | 2 3 |  3.1
Stealth        | 2 3 4 5 |  5.1
Transmutations | 2 |  2.2
Invocations    | 2 5 |  5.0
Fire Magic     | 5 6 |  6.0

Action                   |  1- 3 |  4- 6 |  7- 9 | 10-12 || total
-------------------------+-------+-------+-------+-------++-------
Melee: Unarmed           |    51 |       |       |       ||    51
       Tailslap          |     9 |    50 |    30 |    19 ||   108
       Short sword       |   105 |       |       |       ||   105
       Rapier            |    15 |   339 |   246 |   155 ||   755
 Cast: Sandblast         |     8 |    19 |    38 |    31 ||    96
       Stone Arrow       |     3 |    30 |    61 |    65 ||   159
       Lee's Rapid Decon |       |       |    25 |    19 ||    44
       Petrify           |       |       |    26 |    21 ||    47
Invok: Divine Energy     |       |       |     1 |       ||     1
  Use: Potion            |       |     2 |       |       ||     2
       Scroll            |       |       |    11 |     1 ||    12
 Stab: Sleeping          |     7 |     6 |       |     9 ||    22
       Petrified         |       |       |    55 |    39 ||    94
  Eat: Chunk             |     3 |    16 |    30 |    19 ||    68
       Ration            |       |       |     1 |     2 ||     3
Armor: Skin              |    50 |    62 |   105 |    79 ||   296
Dodge: Dodged            |   112 |   132 |   180 |    82 ||   506
